 Dungeon Crawl Stone Soup version 0.30.1-3-gfc49f6343a (webtiles) character file.

Game seed: 16639149915334444863

25 shmup the Firebug (level 3, -6/28 HPs)
             Began as a Naga Fire Elementalist on July 27, 2023.
             Killed from afar by Natasha (7 damage)
             ... with a magic dart
             ... on level 2 of the Dungeon.
             The game lasted 00:03:02 (1109 turns).

shmup the Firebug (Naga Fire Elementalist)          Turns: 1109, Time: 00:03:02

Health: -6/28      AC:  2    Str: 10    XL:     3   Next: 6%
Magic:  0/6        EV:  9    Int: 17    God:
Gold:   70         SH:  0    Dex: 11    Spells: 3/6 levels left

rFire   . . .        f - +0 dagger
rCold   . . .        (no shield)
rNeg    . . .        a - +0 robe
rPois   +            (no helmet)
rElec   .            (no cloak)
rCorr   .            (no gloves)
SInv    +            (no barding)
Will    .....        i - amulet of guardian spirit
Stlth   +            (no ring)
HPRegen 0.24/turn    (no ring)
MPRegen 0.10/turn

%: guardian spirit
@: confused, slowed, very slow
A: AC +1, large, see invisible, deformed body, poison resistance, slowness 2,
spit poison 1, naga tail 1
a: Spit Poison


You were on level 2 of the Dungeon.
You visited 1 branch of the dungeon, and saw 2 of its levels.

You collected 70 gold pieces.

Inventory:

Hand Weapons
 f - a +0 dagger (weapon)
Missiles
 d - 22 stones
 j - a throwing net
 l - 3 poisoned darts
Armour
 a - a +0 robe (worn)
Magical Staves
 c - a staff of fire
Jewellery
 i - an amulet of guardian spirit (around neck)
Scrolls
 e - a scroll of identify {unknown}
 g - 2 scrolls of magic mapping {unknown}
 h - a scroll of enchant weapon {unknown}
Potions
 b - a potion of magic
 k - a potion of brilliance {unknown}
 m - a potion of might {unknown}


   Skills:
 - Level 1.5 Dodging
 - Level 3.0 Stealth
 - Level 2.0 Spellcasting
 + Level 1.7 Conjurations
 * Level 3.8 Fire Magic


You had 3 spell levels left.
You knew the following spells:

 Your Spells              Type           Power      Damage    Failure   Level
a - Foxfire               Conj/Fire      44%        2x1d6     6%          1
b - Scorch                Fire           28%        2d6       6%          2

Your spell library contained the following spells:

 Spells                   Type           Power      Damage    Failure   Level
 Inner Flame              Hex/Fire       8%         N/A       26%         3
 Volatile Blastmotes      Fire/Tloc      16%        2d11      26%         3
 Flame Wave               Conj/Fire      11%        2d6       52%         4


Dungeon Overview and Level Annotations

Branches:
Dungeon (2/15)

Altars:

Annotations:
D:2 Natasha, Sigmund


Innate Abilities, Weirdness & Mutations

Your serpentine skin is tough. (AC +1)
You have supernaturally acute eyesight. (SInv)
Armour fits poorly on your strangely shaped body.
Your system is resistant to poisons. (rPois)
You cover ground very slowly.
You can spit poison.
You have a snake-like lower body.


Message History

Natasha is severely wounded.
Natasha claws you.
* * * LOW HITPOINT WARNING * * *
Unknown command.
You barely miss Natasha.
Natasha is severely wounded.
Natasha claws you but does no damage. Natasha casts a spell at you.
You feel as though you will be slow longer.
You closely miss Natasha.
Natasha is severely wounded.
Natasha casts a spell.
Sigmund hits you from afar with a +0 scythe.
* * * LOW HITPOINT WARNING * * *
Unknown command.
You barely miss Natasha.
Natasha is severely wounded.
Natasha completely misses you. The cerulean imp barely misses you.
Sigmund barely misses you. Natasha barely misses you.
Unknown command.
Natasha attacks as you move away! Natasha claws you but does no damage.
An adder comes into view.
Found 2 poisoned darts.
The cerulean imp hits you from afar with a +2 spear.
* * * LOW HITPOINT WARNING * * *
Natasha mumbles some strange words.
Sigmund closely misses you. The cerulean imp barely misses you.
The cerulean imp hits you but does no damage.
Sigmund gestures at you while chanting.
You are confused.
The cerulean imp barely misses you.
Natasha mumbles some strange words.
Sigmund casts a spell.
Sigmund flickers and vanishes for a moment.
You hit Natasha.
Natasha is almost dead.
The cerulean imp hits you from afar with a +2 spear.
* * * LOW HITPOINT WARNING * * *
Natasha casts a spell at you. The magic dart hits you!
You die...

. ▒..▒@▒
▒....▒▒.▒
▒..▒▒▒.)▒▒▒
▒▒▒▒.....▒.(.
...........▒▒
▒▒▒..▒▒▒......▒
▒▒▒▒▒
▒▒........▒▒▒▒.▒
......▒▒.5@▒▒▒▒▒▒
▒.▒▒ ▒..Nh.▒▒
▒... ▒▒▒..5▒ ▒▒▒▒
▒...5...▒
......▒▒▒..▒
.....▒▒▒ ▒.▒
S..▒▒ ..▒ ... .▒
.( . ▒.


You could see Sigmund (invisible), Natasha and 3 cerulean imps.

Vanquished Creatures
  A worm (D:2)
  A bat (D:2)
  An endoplasm (D:1)
  A giant cockroach (D:1)
  A goblin (D:1)
  3 hobgoblins (D:1)
  8 kobolds
  2 quokkas (D:1)
  2 rats (D:1)
20 creatures vanquished.

Vanquished Creatures (collateral kills)
  3 foxfires (D:1)
3 creatures vanquished.

Vanquished Creatures (others)
  62 foxfires
62 creatures vanquished.

Grand Total: 85 creatures vanquished

Notes
Turn   | Place    | Note
-------+----------+-------------------------------------------
     0 | D:1      | shmup the Naga Fire Elementalist began the quest for the
                  | Orb.
     0 | D:1      | Reached XP level 1. HP: 15/15 MP: 3/3
   198 | D:1      | Reached XP level 2. HP: 22/22 MP: 1/5
   340 | D:1      | Learned a level 2 spell: Scorch
   951 | D:2      | Reached XP level 3. HP: 24/28 MP: 0/6
   951 | D:2      | Noticed Sigmund
  1077 | D:2      | Noticed Natasha
  1107 | D:2      | HP: 1/28 [cerulean imp/+2 spear[Natasha] (4)]
  1109 | D:2      | Killed from afar by Natasha

Illustrated notes

Levels and vault maps discovered:
D:1:      lemuel_arrival_muddy, layout_rooms, serial_forest,
          infiniplex_forest_lined_corner, infiniplex_forest_straight_4,
          infiniplex_forest_lined_1, infiniplex_forest_clump_small,
          infiniplex_forest_end_double, infiniplex_forest_clump_tiny,
          infiniplex_forest_clump_cross, infiniplex_forest_lined_ring,
          infiniplex_forest_clump_tiny
D:2:      layout_rooms, basic_altar, uniq_sigmund, uniq_terence, uniq_jessica,
          uniq_natasha

Action                     || total
---------------------------++-------
  Melee: Dagger            ||     9
  Throw: Throwing net      ||     1
   Cast: Foxfire           ||    34
         Scorch            ||     2
Ability: Spit Poison       ||     2
 Armour: Robe              ||     4
  Dodge: Dodged            ||    16
